[Event "FIDE Women Candidates 2026"]
[White "Zhu,Jiner"]
[Black "Tan,Zhongyi"]
[Site "Agios Georgios Pegeia"]
[Round "1.1"]
[Annotator "RC"]
[Result "1/2-1/2"]
[Date "2026.03.29"]
[WhiteElo "2578"]
[BlackElo "2535"]
[PlyCount "82"]
[TimeControl "60"]

1. e4 e5 2. Nf3 Nc6 3. Bc4 Nf6 4. d3 Be7 5. O-O O-O 6. Nc3 d6 7. a4 Na5 8. Ba2 c5 9. Bg5 Nc6 10. Bxf6 Bxf6 11. Nd5 g6 12. c3 Bg7 13. Qd2 Bg4 14. Ng5 h6 15. f4 Kh8 16. Ne3 hxg5 17. f5 gxf5 18. exf5 Bh5 19. g4 e4 20. dxe4 Ne5 21. h3 Bg6 22. fxg6 fxg6 23. Kg2 Qd7 24. Nc4 Rf4 25. Rxf4 gxf4 26. Qxf4 Qxa4 27. Nxe5 dxe5 28. Qg5 Qxe4+ 29. Kg1 c4 30. Qh4+ Kg8 31. Re1 Qf4 32. Rf1 Qe3+ 33. Qf2 Qxf2+ 34. Rxf2 Rc8 35. Bb1 Bh6 36. Re2 Kf7 37. Rxe5 Rd8 38. Ba2 Rd1+ 39. Kf2 Rd2+ 40. Ke1 Rxb2 41. Bxc4+ Kf6 1/2-1/2

[Event "FIDE Women Candidates 2026"]
[White "Goryachkina,Aleksandra"]
[Black "Lagno,Kateryna"]
[Site "Agios Georgios Pegeia"]
[Round "1.2"]
[Annotator "TA"]
[Result "1/2-1/2"]
[Date "2026.03.29"]
[WhiteElo "2534"]
[BlackElo "2508"]
[PlyCount "145"]
[TimeControl "60"]

1. e4 e5 2. Nf3 Nc6 3. Bb5 a6 4. Ba4 Nf6 5. O-O Be7 6. d3 b5 7. Bb3 O-O 8. Nc3 d6 9. a3 Bg4 {[%emt 0:2:3] 9...Na5 is the fancy move.} 10. Be3 Qd7 {[%emt 0:0:7][%cal Oc6d4] C84: Closed Ruy Lopez: Unusual White 6th moves.} 11. h3 {[%emt 0:2:21] 11.Nd5 is not played anymore.} Be6 12. Nd5 Bd8 13. Nxf6+ $5 $146 {[%emt 0:5:52][%mdl 8] New and interesting.} ({Predecessor:} 13. a4 b4 14. Qd2 Bxd5 15. exd5 Ne7 16. Qxb4 Nexd5 17. Qb7 Nxe3 18. Qxa8 Nxf1 19. Kxf1 {1-0 Bacrot,E (2692)-Michalik,P (2554) Bundesliga 1718 2017 (1.6)} )Bxf6 14. Bxe6 Qxe6 15. Rc1 {[%emt 0:1:1] Not much happening anymore} d5 16. exd5 Qxd5 17. c4 bxc4 18. Rxc4 Rfd8 19. Qc2 Ne7 20. d4 Ng6 21. Rc5 (21. Rxc7 $6 exd4 22. Rd1 d3 $11 )Qe6 22. Re1 (22. Rxc7 exd4 23. Bd2 d3 $15 )Qd6 23. dxe5 (23. Rxc7 exd4 24. Rd1 d3 $14 )Nxe5 (23... Bxe5 $16 {was worth a try.} 24. Nxe5 Nxe5 25. Rxc7 (25. Bf4 Nf3+ 26. gxf3 Qxf4 $14 )Rab8 )24. Nxe5 ({Stronger than} 24. Rxc7 Nxf3+ 25. gxf3 Bxb2 $11 )(24. Rxe5 $18 {is the precise move to win.} Bxe5 25. Bc5 Bh2+ (25... Qg6 $2 26. Qxg6 hxg6 27. Rxe5 $18 )26. Nxh2 )Bxe5 $16 25. b4 Re8 26. Rd1 Qf6 27. Rcd5 h6 28. Bd4 {[%emt 0:2:5] White has more active pieces.} Bxd4 29. R5xd4 Rad8 30. Rxd8 Rxd8 $14 {[%emt 0:0:2][%mdl 4096] Endgame KQR-KQR} 31. Re1 Qd6 32. Qc3 Kh7 33. Qc4 Rd7 34. Qe4+ Kg8 35. Qe8+ Kh7 36. Qe4+ Kg8 37. Qe5 Qd3 38. h4 Kh7 39. Qe8 (39. Qf4 $14 )h5 40. Qe5 Qd5 (40... Rd5 $11 41. Qxc7 Qxa3 )41. Qxd5 Rxd5 {[%emt 0:0:4] KR-KR} 42. Rc1 a5 43. Rxc7 axb4 44. axb4 (44. Rxf7 bxa3 45. Ra7 Rd3 $11 )Rd1+ 45. Kh2 Rd4 46. g3 ({Don't play} 46. Rxf7 $6 Rxh4+ 47. Kg3 Rg4+ 48. Kf3 Rxb4 $11 )Rxb4 47. Rxf7 Kh6 48. Kg2 Rb3 49. Rd7 Ra3 50. Rd6+ Kh7 51. Kf1 Ra2 52. Ke1 g6 53. Rd7+ Kh6 54. Rf7 Rb2 55. Kf1 Ra2 56. Kg2 Ra3 57. Re7 Rb3 58. Re3 Rb2 59. Re7 Rb3 $1 60. Rd7 Ra3 61. f3 Ra2+ 62. Kh3 Ra3 63. Rf7 Rb3 64. g4 (64. Kg2 $14 )hxg4+ $11 {[%emt 0:0:6] The position is equal.} 65. Kxg4 Rb5 66. Re7 Ra5 67. Re3 Rb5 68. Re4 Ra5 69. f4 Ra1 70. Re6 Rg1+ 71. Kh3 Rf1 72. Kg3 Kg7 73. Re5 {[%emt 0:0:23] Weighted Error Value: White=0.12 (very precise) /Black=0.14 (very precise)   Mistake:       	White=3     	Black=2      Inaccurate:     	White=3     	Black=8      OK:         	White=2     	Black=5      Best:        	---       	Black=1      Strong:       	---       	Black=1} 1/2-1/2

[Event "FIDE Women Candidates 2026"]
[White "Vaishali,Rameshbabu"]
[Black "Assaubayeva,Bibisara"]
[Site "Agios Georgios Pegeia"]
[Round "1.3"]
[Annotator "RC"]
[Result "1/2-1/2"]
[Date "2026.03.29"]
[WhiteElo "2470"]
[BlackElo "2516"]
[PlyCount "81"]
[TimeControl "60"]

1. e4 c5 2. Nf3 Nc6 3. d4 cxd4 4. Nxd4 e5 5. Ne2 Nf6 6. Nbc3 Bc5 7. Ng3 d6 8. Na4 Bb4+ 9. c3 Ba5 10. Be2 a6 11. b4 Bc7 12. O-O O-O 13. Qd3 Be6 14. Rd1 h6 15. Be3 Rb8 16. Nb2 b5 17. a3 Ng4 18. Bxg4 Bxg4 19. Rd2 Ne7 20. c4 Be6 21. Rc1 f5 22. exf5 Nxf5 23. Nxf5 Rxf5 24. cxb5 axb5 25. Rc6 Rf7 26. Qc3 Rc8 27. a4 bxa4 28. Nc4 Bd7 29. Nxd6 Bxd6 30. Rdxd6 Rxc6 31. Qxc6 Bxc6 32. Rxd8+ Rf8 33. Rxf8+ Kxf8 34. f4 exf4 35. Bxf4 a3 36. Kf2 Kf7 37. Bc1 a2 38. Bb2 g6 39. g3 Ke6 40. Ke3 Kd5 41. Ba1 1/2-1/2

[Event "FIDE Women Candidates 2026"]
[White "Divya Deshmukh"]
[Black "Muzychuk,Anna"]
[Site "Agios Georgios Pegeia"]
[Round "1.4"]
[Annotator "RC"]
[Result "1/2-1/2"]
[Date "2026.03.29"]
[WhiteElo "2497"]
[BlackElo "2522"]
[PlyCount "69"]
[TimeControl "60"]

1. e4 e5 2. Nf3 Nc6 3. d4 exd4 4. Nxd4 Nf6 5. Nxc6 bxc6 6. e5 Qe7 7. Qe2 Nd5 8. g3 g6 9. c4 Ba6 10. b3 Bg7 11. Bb2 O-O 12. Bh3 Rfe8 13. O-O Bxe5 14. Qxe5 Qxe5 15. Bxe5 Rxe5 16. Bxd7 Nb4 17. Nc3 Bc8 18. Rfd1 Kf8 19. Kf1 Nd5 20. Bxc6 Bh3+ 21. Kg1 Nxc3 22. Bxa8 Nxd1 23. Rxd1 Re2 24. Bg2 Bf5 25. h4 Rxa2 26. b4 Rb2 27. Rd5 Rxb4 28. Rc5 Be6 29. Rxc7 Rxc4 30. Rxa7 Rc1+ 31. Kh2 Rc2 32. Kg1 Rc1+ 33. Kh2 Rc2 34. Kg1 Rc1+ 35. Kh2 1/2-1/2

[Event "FIDE Women Candidates 2026"]
[White "Lagno,Kateryna"]
[Black "Zhu,Jiner"]
[Site "Agios Georgios Pegeia"]
[Round "2.1"]
[Annotator "TA"]
[Result "1/2-1/2"]
[Date "2026.03.30"]
[WhiteElo "2508"]
[BlackElo "2578"]
[PlyCount "68"]
[TimeControl "60"]

1. e4 e6 2. d4 d5 3. Nd2 c5 4. Ngf3 cxd4 5. exd5 Qxd5 6. Bc4 Qd6 7. Ne4 {[%emt 0:0:51] Against Nf6. C07: French Tarrasch: 3...c5, 4 Ngf3 and 4 exd5 Qxd5.} Qb4+ 8. Nfd2 Nf6 9. Nxf6+ gxf6 10. O-O {[%emt 0:0:36] White sacrificed a pawn} Nc6 11. Re1 $146 ({Predecessor:} 11. c3 Qb6 12. Ne4 Be7 13. Qh5 Bd7 14. Qh6 O-O-O 15. Nxf6 Qc5 16. Bb3 dxc3 17. bxc3 {½-½ Hera,I (2522)-Badacsonyi,S (2298) London Classic op 14th 2024 (4)} )Bd7 12. c3 Qb6 13. cxd4 (13. Ne4 $11 Be7 14. Qf3 dxc3 15. Qxc3 (15. Nxf6+ Bxf6 16. Qxf6 Qd4 $15 ))Qxd4 $15 14. Ne4 Be7 15. Qe2 f5 16. Nc3 Qg4 (16... Qg7 $17 17. Bf4 Rg8 )17. f3 ({White should play} 17. Qxg4 $15 fxg4 18. Bf4 )Qg7 18. Bf4 {[%emt 0:2:44] [#]} (18. Rd1 $15 )Nd4 $1 $17 19. Qf2 {[%emt 0:3:43] Threatens to win with Be5.} Nxf3+ 20. Qxf3 Qd4+ 21. Kh1 Qxc4 22. Qg3 {[%emt 0:1:14] Against Rg8} Bc6 23. Rad1 Bf6 {[%emt 0:1:3] Inhibits Qg7.} 24. h3 h5 ({Black should try} 24... Rf8 25. Kg1 Bd4+ 26. Be3 Bxe3+ (26... Bxc3 27. bxc3 Qxc3 28. Re2 $11 )27. Rxe3 f4 )25. h4 (25. Be5 $17 f4 26. Bxf4 )Rd8 $19 26. Bg5 Bxg5 27. Qxg5 Rc8 {[%emt 0:2:11] [#]} (27... Rd7 $19 28. Rxd7 Kxd7 )28. Rd2 $2 (28. Nb5 $1 $11 Qxb5 29. Rxe6+ fxe6 30. Qg6+ Kf8 31. Qf6+ Kg8 32. Qxe6+ (32. Qg6+ Kf8 $11 )Kg7 (32... Kf8 33. Rd8+ Be8 34. Qf6+ Kg8 35. Qg6+ Kf8 36. Qf6+ Kg8 37. Qg6+ Kf8 38. Qf6+ $11 )33. Qe7+ Kg8 34. Qe6+ )Qb4 $2 (28... Qg4 $19 {...Rg8 is the strong threat.} 29. Qf6 O-O (29... Rh6 30. Rxe6+ fxe6 31. Qxh6 $15 ))29. Rxe6+ $11 {[%emt 0:0:49] The position is equal.} fxe6 30. Qg6+ Kf8 31. Qf6+ Kg8 32. Qg6+ Kf8 33. Qf6+ Kg8 34. Qg6+ Kf8 {White happily takes the draw.   Weighted Error Value: White=0.35/Black=0.42   Loses game:     	White=1     	---        Missed win:     	---       	Black=2      Mistake:       	White=4     	Black=3      Inaccurate:     	White=3     	Black=3      OK:         	White=6     	Black=4      Best:        	---       	Black=2      Strong:       	---       	Black=1} 1/2-1/2

[Event "FIDE Women Candidates 2026"]
[White "Muzychuk,Anna"]
[Black "Tan,Zhongyi"]
[Site "Agios Georgios Pegeia"]
[Round "2.2"]
[Annotator "TA"]
[Result "1/2-1/2"]
[Date "2026.03.30"]
[WhiteElo "2522"]
[BlackElo "2535"]
[PlyCount "64"]
[TimeControl "60"]

1. e4 e5 2. Nf3 Nf6 3. Nxe5 d6 4. Nf3 Nxe4 5. d4 d5 6. Bd3 Be7 7. O-O Nc6 8. Nc3 {[%emt 0:3:48] 8.Nbd2 is setting a new trend.} Bf5 9. Re1 {[%emt 0:0:42][%cal Oc3d5] and Nxd5! would now be decisive} Nxc3 {[%emt 0:0:7] C42: Petroff Defence: 3 Nxe5 and unusual White 3rd moves.} 10. bxc3 Bxd3 11. Qxd3 O-O 12. Rb1 b6 13. c4 Re8 14. Bd2 Qd7 15. cxd5 Qxd5 16. c4 (16. Rb5 $14 {should be considered.} Qd7 17. c4 )Qd7 $146 ({Predecessor:} 16... Qd6 17. d5 Bf6 18. g3 Ne5 19. Nxe5 Bxe5 20. Qf5 Qg6 21. Qf3 Bd6 22. Kg2 {½-½ Steiger,W-De Buhr,G Team-ch L21K1-R(1-3) 2023} )17. d5 Bf6 18. h3 Ne5 {[%emt 0:1:36] The position is equal.} 19. Nxe5 Bxe5 20. Re4 Re7 21. Rbe1 Rae8 22. Bb4 Bd6 23. Bc3 Rxe4 24. Rxe4 Rxe4 25. Qxe4 {[%emt 0:0:2][%mdl 4096] Endgame KQB-KQB} h6 26. g4 Qa4 27. Kg2 Qa3 28. Qe8+ Kh7 29. Qe4+ Kg8 30. Qe8+ Kh7 31. Qe4+ Kg8 32. Qe8+ Kh7 {[%emt 0:0:11] Weighted Error Value: White=0.05 (flawless) /Black=0.01 (flawless)   Mistake:       	White=1     	---        Inaccurate:     	White=1     	Black=1      OK:         	White=2     	Black=9      Best:        	---       	Black=2} 1/2-1/2

[Event "FIDE Women Candidates 2026"]
[White "Divya Deshmukh"]
[Black "Vaishali,Rameshbabu"]
[Site "Agios Georgios Pegeia"]
[Round "2.3"]
[Annotator "TA"]
[Result "1/2-1/2"]
[Date "2026.03.30"]
[WhiteElo "2497"]
[BlackElo "2470"]
[PlyCount "87"]
[TimeControl "60"]

1. c4 e6 2. Nc3 d5 3. d4 h6 4. cxd5 exd5 5. Bf4 c6 6. e3 {[%emt 0:1:11] D31: Queen's Gambit Declined: Semi-Slav without ...Nf6 (+ Marshall Gambit and Noteboom) and Exchange Variation lines without ...Nf6.} Bd6 7. Bxd6 Qxd6 8. Bd3 Ne7 9. Qc2 O-O 10. Nf3 Nd7 11. O-O Nf6 12. h3 g6 13. Rab1 $146 ({Predecessor:} 13. Qb3 Rb8 14. Rfc1 Bf5 15. Be2 Rfc8 16. Qa4 Nd7 17. a3 Re8 18. Qd1 Nc8 19. Na4 {1-0 Sjugirov,S (2705)-Nagy,G (2439) HUN-chT 2324 2023 (1.1)} )a5 14. Na4 Bf5 15. Nc5 Qc7 16. Rfc1 Nd7 17. Na4 Rfe8 18. Nc3 Qd6 19. Ne2 Qf6 20. Nf4 Bxd3 21. Nxd3 Nf5 22. b4 Nd6 23. a4 Qe7 24. bxa5 Rxa5 25. Rb4 Rea8 26. Rcb1 R8a7 27. Qb3 Qd8 28. Nfe5 Kg7 29. Qd1 Qe7 30. Qb3 Qd8 31. Qd1 Qe7 32. Nxd7 Qxd7 33. Nc5 Qc8 34. Qf3 Ne4 {[%emt 0:1:51] Prevents Qg3.} 35. Rxb7 $18 Rxb7 36. Rxb7 Ng5 37. Qg3 {[%emt 0:0:35] [#]} (37. Qg4 $18 Qxg4 38. hxg4 )Rxc5 $11 38. Qe5+ Kh7 39. Rb8 Rc1+ 40. Kh2 Qxh3+ {[%emt 0:0:34] The position is equal.} 41. gxh3 {[%emt 0:30:4][%csl Gb8][%cal Re5h8] [#]} Nf3+ 42. Kg2 Nxe5 43. dxe5 Ra1 44. Ra8 {[%emt 0:0:0] Weighted Error Value: White=0.10 (very precise) /Black=0.08 (flawless)   Mistake:       	White=1     	Black=1      OK:         	White=8     	Black=11     Best:        	---       	Black=1} 1/2-1/2

[Event "FIDE Women Candidates 2026"]
[White "Assaubayeva,Bibisara"]
[Black "Goryachkina,Aleksandra"]
[Site "Agios Georgios Pegeia"]
[Round "2.4"]
[Annotator "TA"]
[Result "1/2-1/2"]
[Date "2026.03.30"]
[WhiteElo "2516"]
[BlackElo "2534"]
[PlyCount "80"]
[TimeControl "60"]

1. d4 Nf6 2. c4 e6 3. Nf3 d5 4. Nc3 c5 5. cxd5 cxd4 6. Qa4+ Bd7 7. Qxd4 exd5 8. Nxd5 {[%emt 0:0:5] D41: Queen's Gambit Declined: Semi-Tarrasch with 5 cxd5.} Qa5+ 9. Nc3 Nc6 {[%emt 0:0:12] Prevents Qe5+} 10. Qd1 Ne4 {[%emt 0:1:9] Black sacrificed a pawn} 11. Bd2 Nxd2 12. Nxd2 Bb4 13. Rc1 Bxc3 14. Rxc3 Qxa2 15. Nc4 Be6 16. e4 {[%emt 0:0:30] [#] and Ra3 should not be overlooked} Rd8 17. Nd6+ Kf8 18. Qd2 Qa1+ {[%emt 0:3:15] The position is equal.} 19. Rc1 Qa4 $146 ({Predecessor:} 19... Qa5 20. Qxa5 Nxa5 21. e5 f6 22. f4 fxe5 23. fxe5 Ke7 24. Bb5 Bd7 25. Rc7 Rhf8 {1-0 Moiseenko,A (2568)-Citak,S (2308) SRB-chT 1st League CS 2025 (10.1)} )20. Be2 f6 21. f4 Ke7 {[%emt 0:12:21] Inhibits e5.} 22. e5 Qd4 23. Qxd4 Nxd4 24. Nxb7 Rc8 25. Nc5 fxe5 26. fxe5 Rc6 27. Kf2 Nxe2 28. Kxe2 Rhc8 29. Nd3 (29. b4 a5 30. Ra1 axb4 31. Ra7+ R8c7 32. Rxc7+ Rxc7 )Rc2+ 30. Rxc2 Rxc2+ $11 {[%emt 0:0:1][%mdl 4096] Endgame KRB-KRN. White is a pawn up.} 31. Ke3 Bc4 32. g3 Bxd3 33. Kxd3 Rxb2 {[%emt 0:0:2] KR-KR} 34. Ra1 Ke6 35. Rxa7 Kxe5 36. Rxg7 Rxh2 37. Ke3 Kf6 38. Ra7 Rh1 39. Kf3 Kg6 40. Ra6+ Kg7 {[%emt 0:0:4] An interesting draw.   Weighted Error Value: White=0.02 (flawless) /Black=0.01 (flawless)   OK:         	White=7     	Black=6} 1/2-1/2

[Event "FIDE Women Candidates 2026"]
[White "Goryachkina,Aleksandra"]
[Black "Divya Deshmukh"]
[Site "Agios Georgios Pegeia"]
[Round "3.1"]
[Annotator "TA"]
[Result "1/2-1/2"]
[Date "2026.03.31"]
[WhiteElo "2534"]
[BlackElo "2497"]
[PlyCount "161"]
[TimeControl "60"]

1. e4 c5 2. Nf3 Nc6 3. Bb5 g6 4. Bxc6 bxc6 5. O-O Bg7 6. Re1 Qc7 {[%emt 0:0:49] B31: Sicilian: 2...Nc6 3 Bb5 g6.} 7. d3 {[%emt 0:2:1] 7.h3 is becoming the main line.} d6 {[%emt 0:0:50] [#]} 8. e5 $1 dxe5 {[%emt 0:1:28][%cal Oc5c4] White is slightly better.} 9. Na3 Nf6 10. Nxe5 Nd5 {[%emt 0:0:9] Wards off Bf4} 11. Nac4 O-O 12. Qe2 f6 $146 ({Predecessor:} 12... Ba6 13. Ng4 Rfe8 14. Bh6 Bh8 15. Bd2 e6 16. Qf3 f5 17. Nge5 Bxc4 18. Nxc4 e5 {½-½ Moussard,J (2670)-Cornette,M (2551) FRA-ch 95th Albi 2022 (3.4)} )13. Nf3 {[%emt 0:0:51] Excellent horsemanship.} e5 14. Be3 Bg4 15. h3 Nxe3 16. Qxe3 Bxf3 17. Qxf3 Rad8 18. Re2 h5 19. Rae1 Kh7 20. h4 Rd5 21. g3 Rf7 22. Qg2 {[%emt 0:1:27] White is more active.} Rd8 23. b3 Rd5 24. Qf3 Rf8 25. Re3 Bh6 {[%emt 0:5:6] [#]} 26. Re4 {[%emt 0:0:45][%csl Oc4] Strong Square White (c4)} Bg7 27. Qg2 Rf7 28. Kh1 Rd4 29. a4 Bf8 30. Nd2 Bh6 31. Nf3 Rxe4 32. Rxe4 Qd7 33. Kg1 Qd5 34. Rc4 Rb7 35. Nh2 Qd6 36. Qe4 Bf8 37. Qe3 Rd7 38. Nf3 Qd5 39. Kh2 Bh6 40. Qe2 (40. Qxc5 $2 Qxf3 41. Kg1 Kg7 42. Qxc6 Qxc6 43. Rxc6 a5 $19 )Rd8 41. Nd2 Bxd2 (41... f5 $1 $14 )42. Qxd2 $14 {[%emt 0:0:0][%mdl 4096] Endgame KQR-KQR} e4 43. Qa5 (43. Rxe4 $2 Qxe4 44. Qa5 Qe7 $19 )exd3 44. cxd3 (44. Qxc5 $2 {loses.} Qxc5 45. Rxc5 d2 $19 )(44. Rxc5 $2 Qd4 45. Qc7+ (45. Qxa7+ $2 Kh6 $19 )Rd7 $19 )(44. Qxa7+ $2 Rd7 $19 )Rd7 45. Qxc5 Qxc5 46. Rxc5 Rxd3 47. Rxc6 $16 {[%emt 0:0:0] KR-KR. White is a pawn up.} f5 (47... a5 $16 )48. Rc7+ $18 Kh6 49. Rb7 a5 50. Kg2 Rc3 51. Kf1 Rc1+ 52. Ke2 Rc3 53. f3 Rc2+ $2 (53... Rc6 54. Ke3 g5 )54. Ke3 Rc3+ 55. Kf4 Rd3 56. Rb5 Rc3 57. Rxa5 Rxb3 58. Ra8 Rb4+ 59. Ke5 {[%emt 0:0:7] aiming for f4.} Rb3 60. Kf6 Kh7 {[%emt 0:0:2] Wards off Rh8+} (60... Rb6+ 61. Kf7 Rb7+ 62. Ke6 Rb6+ 63. Kd5 Rb3 )61. Ra7+ $2 ({White should play} 61. Kg5 $18 )Kh6 $14 62. Kf7 Kh7 63. Kf8+ Kh8 64. Ra6 (64. f4 $14 Rxg3 65. Kf7 )Kh7 (64... Rxf3 $11 65. Rxg6 Kh7 )65. Kf7 (65. f4 $16 Rxg3 66. Ra7+ Kh8 67. Kf7 )Rxf3 $11 {[%emt 0:0:21] The position is equal.} 66. Rxg6 f4 67. Rf6 Rxg3 68. Rxf4 Rg4 69. Rf5 Rxh4 70. a5 Kh6 71. Kf6 Ra4 72. Rb5 h4 73. Kf5 h3 74. Rb3 Rxa5+ (74... h2 $5 75. Rh3+ $8 Kg7 $11 )75. Kg4 h2 76. Rh3+ Kg6 77. Rxh2 Ra4+ 78. Kg3 Ra3+ 79. Kg2 Ra2+ 80. Kg3 Rxh2 81. Kxh2 {[%emt 0:0:3] Black escapes into a draw.   Weighted Error Value: White=0.08 (flawless) /Black=0.18 (very precise)   Loses game:     	---       	Black=1      Missed win:     	White=1     	---        Mistake:       	White=2     	Black=4      Inaccurate:     	White=5     	Black=4      OK:         	White=20    	Black=18     Best:        	---       	Black=4} 1/2-1/2

[Event "FIDE Women Candidates 2026"]
[White "Zhu,Jiner"]
[Black "Assaubayeva,Bibisara"]
[Site "Agios Georgios Pegeia"]
[Round "3.3"]
[Annotator "TA"]
[Result "0-1"]
[Date "2026.03.31"]
[WhiteElo "2578"]
[BlackElo "2516"]
[PlyCount "86"]
[TimeControl "60"]

1. e4 c5 2. Nf3 Nc6 3. Bb5 d6 4. O-O Bd7 5. Re1 Nf6 6. h3 a6 7. Bf1 Rg8 {[%emt 0:0:7] B51: Sicilian: Moscow Variation (3 Bb5+) without 3...Bd7.} 8. d3 h6 9. b4 cxb4 {[%emt 0:5:16][%cal Bc5b4,Bb4b3][%mdl 32] The position is equal.} 10. a3 b3 11. Nbd2 $146 ({Predecessor:} 11. c4 g5 12. Qxb3 g4 13. hxg4 Nxg4 14. d4 Qa5 15. Nc3 Bg7 16. e5 dxe5 17. Bd2 {0-1 Tari,A (2642)-Abdusattorov,N (2731) Norway Chess 11th 2023 (2)} )g5 12. d4 g4 13. hxg4 Bxg4 14. Bb2 {[%emt 0:0:45] White sacrificed a pawn} d5 (14... bxc2 $11 15. Qxc2 d5 )15. c4 $16 (15. cxb3 $6 e6 $11 )dxe4 16. Nxe4 Nxe4 17. Rxe4 {[%emt 0:0:7] A sharp opening} Bf5 18. Re3 {[%emt 0:0:43][%mdl 1024] White has strong compensation.} Bc2 19. Qc1 Rc8 20. d5 Na5 21. Nd2 ({Don't blunder} 21. Ne5 $2 f6 22. Nd3 Nxc4 $19 (22... Rxc4 23. Qe1 $17 ))Rg4 22. Be5 (22. Bf6 $11 {keeps the balance.} )h5 23. Qb2 Bh6 24. Rae1 Bxe3 25. Rxe3 Nxc4 26. Nxc4 Rcxc4 27. Bxc4 Rxc4 {[%emt 0:0:32][%csl Oc2] Strong Square Black (c2)} 28. d6 e6 29. Bh2 $2 (29. Bg3 $15 )Qg5 $19 30. Be5 $2 (30. Qh8+ Kd7 31. Qf8 )Be4 {[%emt 0:8:24][%csl Ge4][%cal Rg5g2] [#]} 31. f4 Rc1+ 32. Kh2 Qh4+ 33. Rh3 Rh1+ 34. Kxh1 Qxh3+ $18 {[%emt 0:0:3][%mdl 4096] Endgame KQB-KQB. Black is two pawns up.} 35. Kg1 Qe3+ 36. Qf2 Qxf2+ 37. Kxf2 $19 {[%emt 0:0:5] KB-KB. Black is two pawns up.} h4 38. g4 (38. a4 $142 )b5 {[%emt 0:1:9] Black is clearly winning.} 39. Kg1 h3 40. Kh2 Bg2 41. Kg3 a5 42. Kh2 Kd7 43. Kg3 a4 {[%emt 0:0:16] Weighted Error Value: White=0.99/Black=0.37   Mistake:       	White=4     	Black=1      Inaccurate:     	White=6     	Black=1      OK:         	White=3     	Black=3      Best:        	White=1     	Black=1} 0-1

[Event "FIDE Women Candidates 2026"]
[White "Tan,Zhongyi"]
[Black "Lagno,Kateryna"]
[Site "Agios Georgios Pegeia"]
[Round "3.4"]
[Annotator "TA"]
[Result "0-1"]
[Date "2026.03.31"]
[WhiteElo "2535"]
[BlackElo "2508"]
[PlyCount "108"]
[TimeControl "60"]

1. e4 e5 2. Nf3 Nc6 3. Bc4 Bc5 4. c3 d6 5. d4 exd4 6. cxd4 Bb6 7. Nc3 Nf6 {[%emt 0:0:40] 7...Nf6 scores better than 7...Bg4.} 8. Qd3 {[%emt 0:1:23] C53: Giuoco Piano sidelines.} O-O 9. Bg5 $146 ({Predecessor:} 9. Be3 Ng4 10. a3 Nxe3 11. fxe3 Bg4 12. O-O-O Kh8 13. h3 Bxf3 14. gxf3 Qf6 15. Nd5 Qxf3 16. Nxb6 cxb6 {1-0 Douglas,C (1600)-Knox,A (1272) ENG NC/CT329878 email 2017} )h6 10. Bh4 {[%emt 0:6:4] White has an edge.} Nb4 11. Qd2 {[%emt 0:5:50] [#]} d5 12. exd5 Re8+ {[%emt 0:10:19] Black sacrificed a pawn} 13. Kf1 {[%emt 0:0:6] Hoping for a3.} (13. Ne5 $2 Bxd4 14. Ne2 Bxe5 $19 )c6 14. dxc6 bxc6 15. Rd1 Ba6 (15... Be6 $11 16. b3 Bg4 )16. Bxa6 $16 Nxa6 17. g4 Nc7 18. Rg1 Ncd5 19. g5 Nh5 20. Rg4 $2 (20. gxh6 $14 {stays ahead.} Qd7 21. Nxd5 Qh3+ 22. Rg2 cxd5 23. Bg3 )Qd7 $19 21. h3 (21. Ne5 Rxe5 22. h3 Re6 23. gxh6 g6 )Qf5 22. Qd3 Ne3+ 23. fxe3 Qxf3+ {[%emt 0:0:3] Black attacks} 24. Bf2 Qxh3+ 25. Rg2 hxg5 26. Kg1 Bc7 27. Ne4 f6 {[%emt 0:0:30] Black is more active.} 28. Rc1 Kh8 {[%emt 0:2:29] Chess con chili.} ({Black should play} 28... Rab8 29. b3 Kh8 )29. Nc5 (29. Qb1 $17 )Rad8 (29... g4 $19 {and Black stays clearly on top.} 30. Rd1 g3 )30. Qb3 $2 (30. Rc3 $17 )Re7 (30... g4 $142 31. Qf7 Bd6 )31. Na6 Qf3 (31... Bb6 $19 {...g6 would now be deadly.} 32. Rh2 Qg4+ 33. Kf1 g6 )32. Nb4 $2 (32. Nxc7 $15 Rxc7 33. Qe6 )Rd6 33. d5 (33. Rf1 $142 )cxd5 34. Nc6 Rf7 (34... Rxc6 $19 35. Rxc6 Bb6 36. Rxb6 axb6 37. Qxb6 Qd1+ 38. Kh2 Re4 39. Qd8+ Kh7 )35. Nd4 $15 Qe4 (35... Qh3 $17 {stays on course.} 36. Rh2 Qg4+ 37. Rg2 Qd7 )36. Rxc7 $18 Rxc7 (36... Qb1+ $6 37. Kh2 Rxc7 38. Qb8+ Kh7 39. Qxc7 )37. Qb8+ Kh7 38. Qxc7 Rb6 (38... Ra6 $142 39. Qf7 Qb1+ 40. Kh2 Kh6 )39. b3 ({Stronger than} 39. Qxa7 Rxb2 40. Qd7 Kg6 $11 )Qb1+ 40. Kh2 f5 $2 (40... Kg8 41. a4 (41. Qxa7 $2 Nf4 $18 )Qg6 )41. Qf7 $2 ({Better is} 41. Rxg5 $18 Rh6 42. Nxf5 )Rf6 $14 42. Qxd5 (42. Qxh5+ $14 Rh6 43. Rxg5 )Nf4 $19 {[%emt 0:1:49] Black is clearly winning.} 43. exf4 Rh6+ 44. Kg3 Qd3+ 45. Qf3 g4 {[%emt 0:0:16][%csl Gg4][%cal Rh6h3] [#]} 46. Rh2 gxf3 47. Rxh6+ gxh6 48. Nxf3 a6 49. Bd4 Qc2 50. b4 Qxa2 51. Bc3 Qb3 52. Be1 Kg6 53. Kg2 Kf7 54. Nh4 Qe3 {[%emt 0:0:30][%csl LRe1,LRf4] Weighted Error Value: White=0.61/Black=0.64   Loses game:     	White=3     	Black=1      Missed win:     	White=1     	Black=1      Mistake:       	White=2     	Black=7      Inaccurate:     	White=2     	Black=2      OK:         	White=1     	Black=3      Best:        	---       	Black=1} 0-1